 Dungeon Crawl Stone Soup version 0.31-a0-810-ga77100ea1a (webtiles) character file.

Game seed: 14318041557139431898

153 randomguy2701 the Trooper (level 5, -1/57 HPs)
             Began as an Ogre Delver on Sept 22, 2023.
             Slain by Ijyb
             ... wielding a +0 dagger
              (4 damage)
             ... on level 4 of the Dungeon.
             The game lasted 00:03:43 (3395 turns).

randomguy2701 the Trooper (Ogre Delver)             Turns: 3395, Time: 00:03:44

Health: -1/57      AC:  8    Str: 18    XL:     5   Next: 35%
Magic:  5/5        EV:  6    Int: 17    God:
Gold:   143        SH:  0    Dex: 10    Spells: 4/4 levels left

rFire   . . .        l - +0 hand axe (freeze)
rCold   . . .        (no shield)
rNeg    . . .        o - +0 swamp dragon scales
rPois   +            (helmet restricted)
rElec   .            (no cloak)
rCorr   .            (gloves unavailable)
SInv    .            (boots unavailable)
Will    .....        (no amulet)
Stlth   ++           j - +6 ring of intelligence
HPRegen 0.29/turn    q - ring of wizardry
MPRegen 0.09/turn

%: wizardry (x1)
@: grasped by roots, constricted
A: large, unfitting armour, tough skin 1
a: no special abilities


You were on level 4 of the Dungeon.
You visited 1 branch of the dungeon, and saw 5 of its levels.

You collected 143 gold pieces.

Inventory:

Hand Weapons
 a - a +0 hand axe
 l - a +0 hand axe of freezing (weapon)
Armour
 b - a +0 robe
 o - +0 swamp dragon scales (worn)
Jewellery
 j - a +6 ring of intelligence (left hand)
 q - a ring of wizardry (right hand)
 t - a ring of positive energy
Wands
 g - a wand of digging (3)
Scrolls
 c - a scroll of fog
 d - a scroll of revelation
 e - 3 scrolls of fear
 h - 5 scrolls of identify {unknown}
 i - a scroll of silence {unknown}
 k - a scroll of torment {unknown}
 n - 2 scrolls of teleportation {unknown}
 p - a scroll of butterflies {unknown}
 s - a scroll of vulnerability {unknown}
Potions
 f - a potion of haste
 m - 2 potions of attraction {unknown}
 r - a potion of degeneration {unknown}
 u - a potion of might {unknown}
 v - 2 potions of cancellation {unknown}


   Skills:
 + Level 5.0 Fighting
 + Level 3.1 Axes
 + Level 0.5 Armour
 + Level 2.4 Dodging
 + Level 4.4 Stealth


You had 4 spell levels left.
You didn't know any spells.
Your spell library contained the following spells:

 Spells                   Type           Power      Damage    Failure   Level
 Stone Arrow              Conj/Erth      0%         3d7       43%         3
 Animate Armour           Summ/Erth      0%         N/A       82%         4
 Lehudib's Crystal Spear  Conj/Erth      0%         10d2      100%        8


Dungeon Overview and Level Annotations

Branches:
Dungeon (5/15)
 Temple: D:4-7

Altars:
Dithmenos

Annotations:
D:4 Ijyb


Innate Abilities, Weirdness & Mutations

You are too large for most types of armour.
You have tough skin. (AC +1)


Message History

Ijyb hits you but does no damage.
Unknown command.
You hit Ijyb. You freeze Ijyb.
Ijyb is severely wounded.
Ijyb barely misses you. Ijyb screams, "I dance on your bones!"
Ijyb hits you with a +0 dagger.
* * * LOW HITPOINT WARNING * * *
Unknown command.
You barely miss Ijyb.
Ijyb is severely wounded.
Ijyb hits you but does no damage.
Unknown command.
You closely miss Ijyb.
Ijyb is severely wounded.
Ijyb barely misses you.
You hit Ijyb. You freeze Ijyb.
Ijyb is almost dead.
Ijyb barely misses you.
You barely miss Ijyb.
Ijyb is almost dead.
Ijyb hits you with a +0 dagger.
* * * LOW HITPOINT WARNING * * *
You barely miss Ijyb.
Ijyb is almost dead.
Ijyb zaps a wand.
The roots erupt in riotous growth!
The grasping roots grab you!
Ijyb is unaffected.
The grasping roots constrict you.
* * * LOW HITPOINT WARNING * * *
You barely miss Ijyb.
Ijyb is almost dead.
Ijyb hits you but does no damage. The grasping roots constrict you.
* * * LOW HITPOINT WARNING * * *
Ijyb hits you but does no damage. The grasping roots constrict you.
* * * LOW HITPOINT WARNING * * *
Unknown command.
You closely miss Ijyb.
Ijyb is almost dead.
Ijyb hits you with a +0 dagger.
You die...

#.#..#
#.#..#
#.#..#
#.#### #.#
#.# #.#
#.###
#.@g#
#....)...#
#.#####..#
#. .# # #


You could see Ijyb.

Vanquished Creatures
  A gnoll (D:1)
  7 adders
  2 worms (D:2)
  2 dart slugs
  3 orcs (D:3)
  4 bats
  2 endoplasms (D:1)
  2 giant cockroaches
  9 hobgoblins
  7 jackals
  A quokka (D:3)
  6 ball pythons
  4 frilled lizards
  5 goblins
  11 kobolds
  2 rats (D:1)
68 creatures vanquished.

Notes
Turn   | Place    | Note
-------+----------+-------------------------------------------
     0 | D:5      | randomguy2701 the Ogre Delver began the quest for the Orb.
     0 | D:5      | Reached XP level 1. HP: 24/24 MP: 1/1
    13 | D:5      | Noticed a black bear
   156 | D:3      | Reached XP level 2. HP: 4/32 MP: 2/2
   338 | D:3      | Reached XP level 3. HP: 30/40 MP: 3/3
  1216 | D:2      | Reached XP level 4. HP: 48/49 MP: 4/4
  1338 | D:2      | Found a shadowy altar of Dithmenos.
  2552 | D:1      | Reached XP level 5. HP: 40/55 MP: 5/5
  2990 | D:1      | Reached skill level 5 in Fighting
  3374 | D:4      | Noticed Ijyb
  3395 | D:4      | Slain by Ijyb

Illustrated notes

Levels and vault maps discovered:
D:1:      shiori_arrival_oz, layout_basic, lexackson_kobold_supper
D:2:      layout_basic, basic_altar
D:3:      layout_loops_corners
D:4:      layout_basic, vehumet_statue, minmay_temple_entry_statues_fountains,
          uniq_ijyb
D:5:      layout_rooms, serial_shops, shop, minmay_diced_spiral

Skill      XL: |  1  2  3  4  5 |
---------------+----------------+-----
Stealth        | 4 |  4.4
Dodging        | 2 |  2.4
Axes           | 3 |  3.1
Fighting       | 5 |  5.0
Armour         | |  0.5

Action                     |  1- 3 |  4- 6 || total
---------------------------+-------+-------++-------
  Melee: Hand axe          |    73 |   168 ||   241
         Punch             |     2 |       ||     2
   Stab: Sleeping          |     3 |     8 ||    11
 Armour: Robe              |    59 |     6 ||    65
         Swamp dragon scal |       |   118 ||   118
  Dodge: Dodged            |    48 |    77 ||   125

Table legend: (Time is in decaauts)
 A = Elapsed time spent in this place.
 B = Non-inter-level travel time spent in this place.
 C = Inter-level travel time spent in this place.
 D = Time resting spent in this place.
 E = Time spent auto-exploring this place.
 F = Levels seen in this place.
 G = Mean time per level.
                   A        B        C        D        E       F      G
               +--------+--------+--------+--------+--------+-----+--------+
         Total |   3434 |   3327 |    107 |      0 |   2766 |   5 |  686.8 |
       Dungeon |   3434 |   3327 |    107 |      0 |   2766 |   5 |  686.8 |
               +--------+--------+--------+--------+--------+-----+--------+

Top non-repeatable levels by time:
     D:2: 1115 daAuts
     D:3: 1074 daAuts
     D:1: 1072 daAuts
     D:4: 156 daAuts
     D:5: 15 daAuts
